 Dungeon Crawl Stone Soup version 0.28.0-43-g3370ac3207 (webtiles) character file.

Game seed: 5871198030782383676

105 styxcanada the Covert (level 4, 0/23 HPs)
             Began as a Spriggan Brigand on Mar 20, 2022.
             Succumbed to a killer bee's poison
             ... on level 5 of the Dungeon.
             The game lasted 00:08:21 (2622 turns).

styxcanada the Covert (Spriggan Brigand)            Turns: 2622, Time: 00:08:21

Health: 0/23       AC:  3    Str:  4 (7)  XL:     4   Next: 53%
Magic:  5/5        EV: 21    Int: 10 (12) God:
Gold:   93         SH:  0    Dex: 17 (18) Spells: 3/3 levels left

rFire   . . .      SeeInvis +   a - +2 dagger
rCold   . . .      Faith    .   (no shield)
rNeg    . . .      Spirit   .   b - +0 robe
rPois   .          Reflect  .   (helmet restricted)
rElec   .          Harm     .   c - +0 cloak
rCorr   .          Rampage  .   (gloves unavailable)
Will    .....                   (boots unavailable)
Stlth   ++++......              g - amulet of regeneration
HPRegen 0.87/turn               s - +4 ring of evasion
MPRegen 0.09/turn               (no ring)

@: lethally poisoned (0 -> -5), attractive, very quick
A: very small, no large weapons, unfitting armour, see invisible, speed 3
a: no special abilities


You were on level 5 of the Dungeon.
You visited 1 branch of the dungeon, and saw 5 of its levels.

You collected 93 gold pieces.

Inventory:

Hand Weapons
 a - a +2 dagger (weapon)
 i - a +0 short sword
 l - a +0 hunting sling
Missiles
 d - 8 poisoned darts (quivered)
 e - 2 curare-tipped darts
 f - 110 stones
 h - 44 sling bullets
 q - a throwing net
Armour
 b - a +0 robe (worn)
 c - a +0 cloak (worn)
Jewellery
 g - an amulet of regeneration (around neck)
 s - a +4 ring of evasion (left hand)
Scrolls
 j - a scroll of enchant armour {unknown}
 k - a scroll of fear {unknown}
 o - a scroll of noise {unknown}
 t - a scroll of identify {unknown}
Potions
 n - a potion of lignification {unknown}
 r - a potion of might {unknown}


   Skills:
 + Level 1.7 Fighting
 + Level 2.9 Short Blades
 + Level 2.4 Throwing
 + Level 2.1 Dodging
 + Level 8.0 Stealth


You had 3 spell levels left.
You didn't know any spells.
Your spell library contained the following spells:

 Spells                   Type           Power      Damage    Failure   Level
 Magic Dart               Conj           0%         1d3       36%         1
 Call Imp                 Summ           0%         N/A       50%         2
 Mephitic Cloud           Conj/Pois/Air  0%         N/A       75%         3


Dungeon Overview and Level Annotations

Branches:
Dungeon (6/15)
 Temple: D:4-7

Altars:
Elyvilon


Innate Abilities, Weirdness & Mutations

You are very small and have problems with some larger weapons.
You are too small for most types of armour.
You have supernaturally acute eyesight. (SInv)
You cover ground extremely quickly. (Speed+++)


Message History

The killer bee poisons you! The killer bee closely misses you.
You feel sick.
An adder comes into view.
You feel sick. The killer bee misses you.
The water moccasin closely misses you.
You hit the killer bee.
The killer bee is moderately wounded.
You feel sick. The killer bee misses you. The killer bee closely misses you.
The water moccasin closely misses you. The killer bee completely misses you.
The killer bee closely misses you.
You hit the killer bee.
The killer bee is moderately wounded.
You feel sick.
The killer bee stings you but does no damage.
The killer bee completely misses you. The water moccasin barely misses you.
The killer bee misses you. The killer bee completely misses you.
You feel sick. The water moccasin misses you.
You hit the killer bee but do no damage.
The killer bee is moderately wounded.
The killer bee misses you. x2; The water moccasin closely misses you.
The killer bee misses you. The killer bee stings you!
You are more poisoned.
The killer bee poisons you!
You feel sick. The water moccasin misses you. The killer bee misses you.
You feel sick. The killer bee barely misses you.
You feel sick. The killer bee completely misses you.
The water moccasin misses you. The killer bee misses you.
You feel sick. The killer bee completely misses you. The killer bee stings you.
* * * LOW HITPOINT WARNING * * *
It was a potion of degeneration.
There was something very wrong with that liquid.
You feel weakened.
You feel dopey.
You feel clumsy.
You feel sick. The killer bee stings you.
* * * LOW HITPOINT WARNING * * *
You are lethally poisoned!
The killer bee poisons you! The killer bee closely misses you. x2
The killer bee misses you.
It was a potion of attraction.
You feel attractive to monsters.
You die...

##.##..##.## yy
#...#....$.# ...
#...##>####.#
### ####...##.#
##
#.........#####
#....o..........
#.....So..######
####oyy##.#
#.@.##..>
#...####.. #####
..# .# #


You could see a water moccasin, 2 killer bees, an orc priest and 2 orcs.

Vanquished Creatures
  A jelly (D:6)
  2 adders (D:2)
  A worm (D:2)
  8 bats (D:1)
  5 endoplasms
  4 giant cockroaches
  3 goblins
  4 hobgoblins
  6 jackals (D:1)
  2 quokkas (D:1)
  2 ball pythons (D:1)
  2 frilled lizards
  7 kobolds
  A rat (D:2)
48 creatures vanquished.

Vanquished Creatures (others)
  A plant (D:6)
1 creature vanquished.

Grand Total: 49 creatures vanquished

Notes
Turn   | Place    | Note
-------+----------+-------------------------------------------
     0 | D:1      | styxcanada the Spriggan Brigand began the quest for the
                  | Orb.
     0 | D:1      | Reached XP level 1. HP: 10/10 MP: 2/2
     1 | D:1      | Noticed an electric eel
    50 | D:1      | Reached skill level 6 in Stealth
   518 | D:1      | Reached XP level 2. HP: 14/14 MP: 3/3
   959 | D:1      | Reached skill level 7 in Stealth
  1184 | D:1      | Reached XP level 3. HP: 18/18 MP: 4/4
  1663 | D:2      | Found a faded altar of an unknown god.
  2123 | D:2      | Reached XP level 4. HP: 22/22 MP: 5/5
  2448 | D:3      | Found a white marble altar of Elyvilon.
  2467 | D:3      | You fall into a shaft and drop 3 floors!
  2483 | D:6      | Reached skill level 8 in Stealth
  2593 | D:5      | Entered Level 5 of the Dungeon
  2599 | D:5      | Noticed a water moccasin
  2621 | D:5      | HP: 1/23 [killer bee (3)]
  2622 | D:5      | Succumbed to a killer bee's poison

Illustrated notes

Levels and vault maps discovered:
D:1:      arrival_aquarium_a, layout_loops_corners
D:2:      layout_basic, nicolae_ecumenical_pavilion
D:3:      layout_basic, elyvilon_altar_1, mainiacjoe_overflow_chevrons
D:5:      layout_loops_ring, uniq_ijyb, uniq_grinder, uniq_pikel
D:6:      layout_basic, mainiacjoe_overflow_boulevard, minmay_misc_feat_iff,
          minmay_misc_feat_room, minmay_small_thing

Skill      XL: |  1  2  3  4 |
---------------+-------------+-----
Stealth        | 6 7 8 |  8.0
Dodging        | 2 |  2.1
Fighting       | |  1.7
Short Blades   | |  2.9
Throwing       | |  2.4

Action                   |  1- 3 |  4- 6 || total
-------------------------+-------+-------++-------
Melee: Dagger            |   109 |    12 ||   121
       Punch             |     2 |       ||     2
Throw: Dart              |    18 |       ||    18
  Use: Potion            |       |     2 ||     2
 Stab: Sleeping          |    13 |     5 ||    18
Armor: Robe              |    17 |     2 ||    19
Dodge: Dodged            |    65 |    38 ||   103
